 Dungeon Crawl Stone Soup version 0.28.0-45-g0d030f2227 (webtiles) character file.

Game seed: 11448434399967282646

56 CryoSword the Skirmisher (level 3, 13/20 HPs)
             Began as a Vine Stalker Fighter on Apr 21, 2022.
             Quit the game on level 3 of the Dungeon.
             The game lasted 00:01:46 (1562 turns).

CryoSword the Skirmisher (Vine Stalker Fighter)     Turns: 1562, Time: 00:01:46

Health: 13/20      AC:  7    Str: 20    XL:     3   Next: 97%
Magic:  3/4        EV:  9    Int:  8    God:
Gold:   81         SH:  4    Dex: 13    Spells: 2/2 levels left

rFire   . . .      SeeInvis .   a - +1 war axe
rCold   . . .      Faith    .   c - +0 buckler
rNeg    . . .      Spirit   +   b - +0 scale mail
rPois   .          Reflect  .   e - +0 helmet
rElec   .          Harm     .   (no cloak)
rCorr   .          Rampage  .   (no gloves)
Will    .....                   (no boots)
Stlth   ..........              (no amulet)
HPRegen 0.06/turn               (no ring)
MPRegen 0.09/turn               (no ring)

@: lethally poisoned (13 -> -11), hasted, very quick
A: fangs 2, magic shield, antimagic bite, no potion heal 2
a: no special abilities


You were on level 3 of the Dungeon.
You visited 1 branch of the dungeon, and saw 3 of its levels.

You collected 81 gold pieces.

Inventory:

Hand Weapons
 a - a +1 war axe (weapon)
Missiles
 l - 3 poisoned darts (quivered)
Armour
 b - a +0 scale mail (worn)
 c - a +0 buckler (worn)
 e - a +0 helmet (worn)
   (You found it on level 1 of the Dungeon)
 k - a +1 pair of boots
   (You found it on level 2 of the Dungeon)
Potions
 d - a potion of might
 g - a potion of flight


   Skills:
 + Level 3.1 Fighting
 * Level 2.7 Axes
 + Level 2.7 Armour
 + Level 3.0 Shields


You had 2 spell levels left.
You didn't know any spells.
Your spell library was empty.

Dungeon Overview and Level Annotations

Branches:
Dungeon (3/15)

Altars:

Annotations:
D:3 Ijyb


Innate Abilities, Weirdness & Mutations

You have extremely sharp teeth.
When hurt, damage is shared between your health and your magic reserves.
Your bite disrupts and absorbs the magic of your enemies.
Potions cannot restore your health.


Message History

Things that are here:
a +0 dagger; a kobold corpse
There is an escape hatch in the floor here.
Found 18 arrows.
Found a stone staircase leading down.
You see here 18 arrows.
A kobold comes into view. It is wielding a +0 dagger.
A kobold is nearby!
A kobold is nearby!
The kobold shouts!
A rat comes into view.
Found a scroll labelled FASTRE NEOLIM and 24 stones.
A kobold comes into view. It is wielding a +0 club.
The kobold shouts!
You hear an angry hiss.
You hear a shout!
Ijyb the Twisted Goblin comes into view.
She is wielding a +0 dagger of venom and carrying a wand of acid (7).
A frilled lizard comes into view.
You barely miss the kobold.
Ijyb shouts!
Your bite misses the kobold.
You hear a shout! x2
The kobold barely misses you. The kobold hits you with a +0 dagger.
There is a stone staircase leading up here.
The kobold barely misses you. You block the rat's attack.
You climb upwards.
There is a stone staircase leading down here.
You hit the rat but do no damage. You hit the kobold but do no damage.
The kobold hits you but does no damage. The rat closely misses you.
The kobold hits you but does no damage.
You slash the rat!
You kill the rat!
You barely miss the kobold. The kobold closely misses you.
You completely miss the kobold. Your bite misses the kobold.
You block the kobold's attack.
You slash the kobold!
You kill the kobold!
Things that are here:
a +0 dagger; a kobold corpse
There is an escape hatch in the ceiling here.
You see here a quokka skeleton.
There is a stone staircase leading down here.
You climb downwards.
Level annotation: Ijyb
Found 7 bolts.
Found a stone staircase leading down.
There is a stone staircase leading up here.
Search for what [? for help]? axes Unknown command.
You now have 81 gold pieces (gained 11).
A goblin comes into view. It is wielding a +0 dagger.
The goblin shouts!
A frilled lizard comes into view.
The goblin unwields a +0 dagger.
The goblin wields a +0 hunting sling.
The goblin shoots a stone.
The stone hits you but does no damage.
You see here a scroll labelled ZOOGATSAAN.
There are monsters nearby!
There are monsters nearby!
There are monsters nearby!
The frilled lizard hisses angrily.
The goblin shoots a stone.
You block the stone.
You miss the frilled lizard. You bite the frilled lizard. You drain its power.
The frilled lizard barely misses you. You block the frilled lizard's attack.
You miss the frilled lizard. Your bite misses the frilled lizard.
You barely miss the goblin.
The goblin unwields a +0 hunting sling.
The goblin wields a +0 dagger.
The goblin hits you with a +0 dagger. The frilled lizard barely misses you.
You miss the frilled lizard. You bite the frilled lizard.
You kill the frilled lizard!
You closely miss the goblin. The goblin closely misses you.
The goblin hits you but does no damage.
You closely miss the goblin. Your bite misses the goblin.
The goblin hits you but does no damage.
You hit the goblin. You bite the goblin.
You kill the goblin!
No target in view!
No target in view!
No target in view!
No target in view!
No target in view!
No target in view!
Unknown command.
No target in view!
Okay, then.
A jackal comes into view.
The jackal moves out of view.
A jackal comes into view.
A jackal is nearby!
The jackal barks!
The jackal closely misses you.
You barely miss the jackal. You bite the jackal. You drain its power.
The jackal bites you. You block the jackal's attack.
The jackal bites you but does no damage.
You hit the jackal. You bite the jackal.
You kill the jackal!
You barely miss the jackal. The jackal barely misses you.
The jackal bites you but does no damage.
You closely miss the jackal. Your bite misses the jackal.
You block the jackal's attack.
You barely miss the jackal. You bite the jackal. You drain its power.
The jackal bites you but does no damage.
The jackal closely misses you.
You hit the jackal. Your bite misses the jackal.
The jackal bites you but does no damage. x2
You slash the jackal!
You kill the jackal!
No target in view!
No target in view!
No target in view!
No target in view!
No target in view!
No target in view!
No target in view!
No target in view!
Things that are here:
a +0 dagger; a +0 hunting sling; 24 stones
i - 2 scrolls labelled FASTRE NEOLIM (gained 1)
m - a scroll labelled ZOOGATSAAN A quokka comes into view.
As you read the scroll labelled FASTRE NEOLIM, it crumbles to dust.
It is a scroll of identify.
g - a potion of flight
As you read the scroll of identify {@r1}, it crumbles to dust.
j - a potion of haste
As you read the scroll labelled PELEVVOINT, it crumbles to dust.
You hear a loud clanging noise!
It was a scroll of noise.
You hear a shout!
You hear an angry hiss.
You hear a shout! x5
As you read the scroll labelled RAMOMER UNUOS, it crumbles to dust.
You feel aware of your surroundings.
You sensed 3 altars, and 1 shop/portal.
It was a scroll of magic mapping.
As you read the scroll labelled ZOOGATSAAN, it crumbles to dust.
It is a scroll of enchant weapon.
Your +0 war axe glows red for a moment.
The quokka barely misses you.
You slash the quokka!
You kill the quokka!
No target in view!
You see here a quokka corpse.
Ijyb is nearby!
Ijyb is nearby!
Ijyb is nearby!
No target in view!
A scorpion comes into view.
You slash Ijyb! You bite Ijyb, but do no damage.
Ijyb hits you but does no damage.
You are poisoned.
Ijyb hits you but does no damage.
You are more poisoned.
You feel yourself speed up.
You feel very sick.
Ijyb hits you with a +0 dagger of venom.
You are more poisoned.

*,######,,,,******,,**,,*******
#.#....##,,,**,,,,,,,,,,*****,,
#.#.....#,,,,********.,,**,,,,*
#.#....###,>,* *,..,,,..,,##
#*#.#......#,,,* *##...,,,.?.,#.
.##........###** *#.....,,,......
.....)†..#.#.# ###$...,,,,,....##
##..#........###...#.#**,**#.....
*#†..........##.@g...#**,**......
..†.#......†....#..##...,,,......
###.#....###....#..#*,,,,,,##....
###.##...#*#......##*,,,,,**#....
#......####..s....#**,,,,,**#....
#......#*#..........,,,,,,*#.....
#.....###..#.........,,,,,,......
......................,,,,*#.....
.(.................##.,,,,,.(..#.


You could see Ijyb and a scorpion.

Vanquished Creatures
  4 dart slugs
  A worm (D:2)
  3 endoplasms
  2 giant cockroaches (D:1)
  3 goblins
  A hobgoblin (D:1)
  4 jackals
  6 quokkas
  6 ball pythons
  3 bats
  2 frilled lizards
  4 kobolds
  3 rats
42 creatures vanquished.

Vanquished Creatures (others)
  A plant (D:3)
1 creature vanquished.

Grand Total: 43 creatures vanquished

Notes
Turn   | Place    | Note
-------+----------+-------------------------------------------
     0 | D:1      | CryoSword the Vine Stalker Fighter began the quest for the
                  | Orb.
     0 | D:1      | Reached XP level 1. HP: 11/11 MP: 2/2
   269 | D:1      | Reached XP level 2. HP: 16/16 MP: 3/3
   565 | D:1      | Reached XP level 3. HP: 19/19 MP: 4/4
  1397 | D:3      | Noticed Ijyb
  1558 | D:3      | Noticed a scorpion
  1562 | D:3      | Quit the game

Illustrated notes

Levels and vault maps discovered:
D:1:      minmay_arrival_wavy_path, layout_rooms
D:2:      layout_loops_ring
D:3:      layout_rooms, mainiacjoe_overflow_catwalk_spiral, serial_shops,
          nicolae_shop_trees, dreamdust_ecumenical_altar_hidden_monk_grotto,
          grunt_ministairs_12, wad_floor_pattern_untrapped,
          kennysheep_generic_room_9, uniq_ijyb

Skill      XL: |  1  2  3 |
---------------+----------+-----
Axes           | 2 |  2.7
Fighting       | 3 |  3.1
Shields        | 3 |  3.0
Armour         | |  2.7

Action                   || total
-------------------------++-------
Melee: War axe           ||    97
       Bite              ||    21
  Use: Scroll            ||     5
       Potion            ||     1
Armor: Scale mail        ||    42
Dodge: Dodged            ||    51
Block: Buckler           ||    20
